Map: Eternal Empire LE

Players

MarineLorD

  • Race: Terran Terran
  • League: Master
  • Spawn Location: 1:00

Geralt (Gerald) - Winner!

  • Race: Protoss Protoss
  • League: Grandmaster
  • Spawn Location: 7:00

Event: DreamHack SC2 Masters 2020 Fall

VOD

Have the link to the VOD?

Description

Time

  • Played on: Sept. 11, 2020, 12:10 p.m.
  • Length: 18:56

All games in this series

Show
View Real Time Build Order
Export as new Build Order

MarineLorD Terran 

Build Orders: Gas First Reaper Expand 

Get SALT Encoding   

  12  0:00  SCV  
  13  0:12  SCV  
  14  0:17  Supply Depot  
  14  0:24  SCV  
  14  0:27  Refinery  
  15  0:38  SCV  
  16  0:44  Barracks  
  16  0:50  SCV  
  17  1:02  SCV  
  18  1:14  SCV  
  19  1:30  Orbital Command  
  19  1:32  Reaper  
  20  1:49  Command Center  
  20  1:56  SCV  
  21  2:01  Factory  
  21  2:08  Barracks Reactor, SCV  
  21  2:15  Supply Depot  
  22  2:21  SCV  
  23  2:28  Refinery  
  23  2:37  SCV  
  24  2:48  Starport  
  24  2:52  Hellion  
  24  2:53  Hellion  
  24  2:56  SCV  
  29  3:01  Orbital Command  
  29  3:08  SCV  
  29  3:14  Hellion x2  
  33  3:20  SCV  
  34  3:28  SCV  
  34  3:33  Medivac  
  37  3:34  SCV  
  37  3:43  SCV, Supply Depot  
  37  3:46  SCV  
  39  3:49  Factory Tech Lab  
  39  3:52  Supply Depot  
  39  3:54  Marine  
  39  3:55  SCV, Marine  
  42  3:58  SCV  
  43  4:07  SCV  
  44  4:10  SCV, Siege Tank  
  44  4:12  Marine  
  44  4:13  Marine  
  50  4:19  SCV  
  50  4:22  SCV  
  52  4:30  Marine x2  
  54  4:31  SCV  
  54  4:37  SCV  
  55  4:44  Cyclone  
  50  4:45  SCV  
  50  4:46  Command Center  
  50  4:48  Marine x2  
  50  4:49  SCV  
  52  4:58  SCV  
  53  5:01  SCV  
  53  5:02  Barracks  
  53  5:04  Barracks  
  53  5:05  Marine  
  53  5:06  Marine  
  56  5:07  Refinery  
  56  5:09  Engineering Bay  
  56  5:10  Supply Depot  
  56  5:16  Cyclone  
  56  5:17  SCV x2  
  61  5:23  Marine  
  61  5:28  Supply Depot  
  62  5:32  SCV x2, Marine  
  65  5:42  Terran Infantry Weapons Level 1  
  65  5:43  Supply Depot, Marine  
  65  5:44  SCV x2, Supply Depot  
  65  5:49  Marine  
  67  5:56  SCV x2  
  67  6:01  Barracks Tech Lab  
  67  6:03  Orbital Command  
  67  6:05  Factory Tech Lab  
  67  6:07  Stimpack, Marine  
  67  6:08  SCV x2  
  67  6:10  Marauder, Marine  
  73  6:13  Missile Turret  
  73  6:16  Starport Reactor  
  73  6:20  SCV x2  
  73  6:24  Combat Shield, Marauder  
  73  6:25  Missile Turret  
  77  6:26  Siege Tank  
  77  6:28  SCV  
  83  6:32  SCV x2  
  83  6:36  Orbital Command  
  83  6:39  Refinery, Marauder, Marine x2  
  87  6:45  Marauder, Barracks x2  
  87  6:46  SCV x2  
  91  6:53  Medivac x2  
  95  6:57  Marine  
  95  6:59  SCV  
  95  7:01  Marauder  
  98  7:07  SCV, Marauder  
  98  7:08  SCV  
  102  7:11  Supply Depot  
  102  7:12  Supply Depot, Siege Tank  
  102  7:15  Marine x2  
  106  7:17  SCV  
  106  7:20  SCV  
  109  7:24  Missile Turret  
  109  7:33  SCV, Marauder x2  
  109  7:34  SCV  
  109  7:35  SCV  
  109  7:36  Supply Depot, Terran Infantry Armor Level 1  
  112  7:45  SCV  
  112  7:46  SCV  
  112  7:47  SCV, Concussive Shells  
  112  7:48  Marine x2  
  113  7:54  Marauder  
  113  7:57  SCV  
  110  7:59  SCV x2  
  110  8:00  Marine  
  110  8:01  Marine x2  
  115  8:09  SCV  
  115  8:10  Marine  
  115  8:11  SCV, Marine  
  115  8:12  Refinery  
  119  8:13  Refinery  
  119  8:14  Siege Tank  
  119  8:15  Medivac x2  
  119  8:16  Marauder  
  119  8:19  Marauder  
  130  8:20  SCV  
  130  8:22  SCV  
  130  8:23  SCV  
  127  8:27  Barracks Reactor, Barracks Tech Lab  
  127  8:31  Command Center  
  127  8:32  SCV  
  128  8:34  SCV  
  128  8:37  Marauder  
  131  8:42  Supply Depot x2  
  131  8:45  Medivac  
  133  8:58  Ghost Academy  
  133  9:03  SCV, Supply Depot, Siege Tank, Medivac  
  133  9:04  SCV x2, Supply Depot, Marauder x2, Marine x2  
  133  9:07  Supply Depot  
  146  9:12  Marine  
  146  9:13  Marauder, Marine  
  146  9:21  Marine  
  147  9:24  Viking  
  147  9:26  SCV x3  
  147  9:30  Marine x4  
  153  9:33  Viking  
  153  9:37  Marine x2  
  153  9:38  SCV x2  
  156  9:39  Marine  
  156  9:40  Missile Turret  
  156  9:43  SCV x2  
  154  9:48  Marine  
  154  9:50  SCV x2  
  157  9:55  SCV  
  157  9:56  Ghost  
  157  9:57  Supply Depot, Engineering Bay  
  157  9:58  Armory  
  160  10:09  Viking  
  160  10:10  Viking  
  160  10:11  Missile Turret  
  160  10:12  Unknown  
  160  10:13  Sensor Tower  
  164  10:21  SCV x2  
  164  10:23  Marine x5  
  164  10:24  Marine  
  164  10:27  Supply Depot  
  172  10:28  Planetary Fortress  
  171  10:42  Command Center  
  171  10:45  Siege Tank  
  171  10:47  Ghost x3  
  180  10:51  Missile Turret  
  180  10:52  Enhanced Shockwaves, Terran Infantry Armor Level 2, Terran Infantry Weapons Level 2  
  179  11:13  Marine x3  
  179  11:16  Marauder x2  
  179  11:18  Marine x2  
  170  11:23  Viking x2  
  170  11:25  Starport  
  174  11:26  Starport x2  
  174  11:27  Terran Ship Weapons Level 1  
  174  11:30  Armory  
  174  11:35  Marine  
  174  11:36  Marine x2  
  171  11:53  Viking  
  173  12:01  Barracks x2  
  173  12:02  Barracks  
  173  12:03  Command Center  
  173  12:04  Missile Turret, Sensor Tower  
  173  12:07  Starport Reactor x3, Missile Turret  
  173  12:13  Viking  
  175  12:17  Terran Vehicle And Ship Armor Level 1  
  175  12:27  Viking  
  177  12:35  Siege Tank  
  180  12:39  Planetary Fortress  
  180  12:49  Barracks Tech Lab  
  180  12:50  Barracks Reactor, Barracks Tech Lab  
  180  12:51  Missile Turret  
  180  12:54  Viking x6, Engineering Bay  
  180  12:55  Viking  
  180  12:56  Engineering Bay  
  194  12:59  Fusion Core  
  194  13:18  Viking  
  194  13:19  Missile Turret  
  194  13:24  Viking x4  
  198  13:31  Viking x3  
  192  13:48  Viking  
  173  13:49  Ghost x3  
  173  13:54  Viking x4  
  179  13:58  Terran Infantry Weapons Level 3, Terran Infantry Armor Level 3  
  179  14:01  Medivac x2  
  179  14:02  Refinery  
  181  14:04  Refinery, Marine x4  
  181  14:06  Command Center x2  
  184  14:12  Viking  
  176  14:18  Viking, Marine  
  176  14:24  Viking x4, Siege Tank  
  172  14:28  Orbital Command  
  172  14:31  Viking  
  182  14:38  Medivac  
  184  14:44  Terran Vehicle And Ship Armor Level 2, Terran Ship Weapons Level 2  
  184  14:50  Viking x2  
  188  14:54  Viking  
  190  15:10  Ghost x2  
  184  15:25  Viking x2  
  176  15:29  Marauder, Marine x3  
  176  15:31  Viking x3  
  171  15:36  Marine  
  171  15:39  Marauder x2  
  171  15:41  Viking  
  151  15:47  Marine x3  
  123  15:51  Marauder  
  123  15:54  Marine  
  123  15:56  Orbital Command  
  114  16:02  Viking  
  111  16:05  Marine x3  
  111  16:10  Viking  
  116  16:12  Marine  
  116  16:14  Viking  
  116  16:15  Viking x4  
  122  16:21  Liberator  
  125  16:36  Planetary Fortress  
  125  16:38  SCV x6  
  131  16:40  Missile Turret x2  
  131  16:45  Marine x7  
  131  16:46  Viking x2  
  142  16:48  Viking  
  142  16:51  Viking  
  140  17:02  Viking x3  
  137  17:08  Marine x2  
  137  17:09  Marauder  
  137  17:11  Marine x2  
  137  17:12  Marauder  
  110  17:25  Marauder  
  110  17:26  Marine x2  
  110  17:29  Marine x2  
  110  17:30  Marauder  
  104  17:37  Viking x3, Medivac  
  104  17:38  Viking x2  
  112  17:46  SCV x2  
  112  17:47  SCV x3  
  112  17:48  Unknown  
  112  17:50  Viking  
  119  17:57  Marine x3  
  119  17:58  Marine  
  125  17:59  Ghost  
  125  18:02  Ghost  
  127  18:07  Viking, Ghost  
  131  18:22  Viking, Sensor Tower  
  131  18:23  Viking  
Show
View Real Time Build Order
Export as new Build Order

Geralt Protoss - Winner!

Build Orders: 1 Gate Expand, Phoenix Opening, Carriers 

Get SALT Encoding   

  12  0:00  Probe  
  13  0:12  Probe  
  14  0:17  Pylon  
  14  0:24  Probe (Chrono Boost)  
  16  0:37  Probe (Chrono Boost), Gateway  
  16  0:43  Probe (Chrono Boost)  
  16  0:46  Assimilator  
  17  0:52  Probe  
  18  1:04  Probe  
  19  1:17  Probe  
  20  1:24  Cybernetics Core  
  20  1:29  Probe  
  21  1:35  Nexus  
  21  1:41  Probe  
  22  1:50  Pylon, Assimilator  
  22  1:56  Probe  
  23  2:06  Adept (Chrono Boost)  
  25  2:10  Probe  
  27  2:22  Probe  
  27  2:26  Adept (Chrono Boost)  
  28  2:31  Stargate  
  28  2:35  Probe  
  29  2:37  Warp Gate  
  29  2:47  Probe  
  29  2:48  Adept  
  29  2:51  Probe  
  33  2:56  Assimilator  
  33  2:59  Probe  
  33  3:03  Probe  
  35  3:11  Probe  
  36  3:14  Phoenix (Chrono Boost)  
  36  3:15  Probe  
  36  3:17  Gateway  
  39  3:23  Probe  
  40  3:27  Probe  
  40  3:30  Phoenix  
  43  3:35  Probe  
  43  3:39  Probe  
  43  3:42  Pylon, Gateway  
  43  3:50  Probe  
  43  3:51  Robotics Facility  
  43  3:52  Probe  
  45  4:00  Phoenix (Chrono Boost)  
  47  4:04  Probe  
  47  4:06  Probe  
  49  4:10  Pylon  
  49  4:16  Phoenix (Chrono Boost)  
  42  4:44  Probe x2  
  44  4:46  Phoenix (Chrono Boost)  
  46  4:56  Probe x2  
  48  5:00  Nexus  
  48  5:03  Phoenix (Chrono Boost)  
  50  5:08  Probe x2  
  52  5:14  Robotics Bay  
  52  5:16  Observer  
  52  5:20  Probe x2  
  55  5:23  Pylon  
  55  5:30  Phoenix (Chrono Boost)  
  55  5:32  Probe x2  
  59  5:43  Observer  
  59  5:44  Probe  
  59  5:45  Probe  
  62  5:56  Probe  
  62  5:57  Probe  
  64  5:58  Pylon  
  64  6:00  Phoenix  
  66  6:05  Stargate  
  66  6:09  Probe x2, Observer  
  68  6:13  Probe  
  69  6:21  Probe x2, Forge  
  71  6:25  Probe  
  71  6:32  Colossus  
  77  6:35  Probe x2 (Chrono Boost)  
  77  6:38  Probe (Chrono Boost)  
  80  6:43  Assimilator  
  80  6:46  Probe x2 (Chrono Boost)  
  83  6:48  Probe (Chrono Boost)  
  83  6:49  Phoenix  
  83  6:51  Probe x2 (Chrono Boost)  
  83  6:53  Probe (Chrono Boost)  
  87  6:56  Pylon  
  87  7:00  Assimilator  
  88  7:01  Probe  
  88  7:02  Probe  
  88  7:04  Probe, Assimilator  
  88  7:06  Extended Thermal Lance  
  91  7:13  Probe, Pylon, Protoss Ground Weapons Level 1 (Chrono Boost)  
  91  7:14  Probe, Pylon  
  93  7:16  Pylon  
  93  7:17  Probe  
  94  7:25  Probe, Gateway x2  
  94  7:26  Probe  
  94  7:29  Probe  
  97  7:34  Colossus (Chrono Boost)  
  103  7:37  Probe  
  103  7:38  Probe  
  103  7:41  Probe  
  106  7:50  Probe  
  107  8:02  Probe x2  
  107  8:05  Twilight Council, Probe  
  107  8:06  Gateway  
  107  8:08  Gateway  
  107  8:11  Gateway  
  107  8:12  Fleet Beacon, Pylon  
  108  8:15  Colossus (Chrono Boost)  
  108  8:19  Nexus  
  114  8:26  Probe  
  113  8:28  Probe  
  113  8:30  Photon Cannon  
  113  8:33  Pylon  
  114  8:36  Pylon  
  114  8:37  Pylon  
  114  8:41  Pylon  
  114  8:44  Probe x2  
  114  8:46  Photon Cannon  
  114  8:47  Charge (Chrono Boost), Photon Cannon  
  116  8:49  Probe  
  116  8:51  Zealot x5  
  116  8:52  Disruptor (Chrono Boost)  
  130  8:58  Tempest  
  135  9:03  Tempest  
  135  9:06  Pylon  
  140  9:16  Zealot x7  
  140  9:17  Zealot  
  156  9:26  Pylon  
  156  9:39  Pylon  
  156  9:41  Tempest (Chrono Boost), Pylon  
  156  9:43  Nexus  
  161  9:46  Pylon  
  161  9:49  Protoss Ground Weapons Level 2 (Chrono Boost)  
  164  9:52  Tempest (Chrono Boost)  
  164  9:55  Probe  
  164  9:56  Pylon  
  164  9:59  Disruptor (Chrono Boost)  
  169  10:14  Probe  
  169  10:16  Probe, Tempest (Chrono Boost), Protoss Air Weapons Level 1 (Chrono Boost)  
  175  10:23  Probe  
  175  10:24  Robotics Facility  
  176  10:32  Carrier (Chrono Boost)  
  182  10:36  Probe  
  182  10:37  Probe  
  184  10:43  Shield Battery  
  184  10:45  Photon Cannon  
  184  10:54  Carrier (Chrono Boost)  
  190  11:01  Zealot x5  
  198  11:12  Unknown, Anion Pulse-Crystals  
  198  11:17  Zealot x3, Disruptor  
  181  11:22  Probe  
  182  11:27  Assimilator  
  182  11:31  Templar Archives  
  182  11:32  Assimilator  
  174  11:35  Colossus  
  174  11:38  Nexus  
  182  11:42  Unknown  
  182  11:43  Pylon  
  182  11:45  Probe  
  183  11:47  Carrier (Chrono Boost)  
  183  11:48  Carrier (Chrono Boost)  
  189  11:56  Probe  
  189  11:57  Pylon  
  190  12:04  Protoss Air Weapons Level 2 (Chrono Boost)  
  190  12:12  Mothership  
  198  12:20  Gateway  
  198  12:22  Gateway x2  
  198  12:24  Stargate  
  198  12:25  Psionic Storm  
  198  12:26  Gateway  
  198  12:28  Forge  
  198  12:36  High Templar  
  200  12:40  Photon Cannon  
  200  12:41  Photon Cannon  
  200  12:43  Photon Cannon  
  200  12:45  Shield Battery  
  200  12:46  Shield Battery  
  200  12:49  Photon Cannon  
  200  12:51  Protoss Shields Level 1 (Chrono Boost), Photon Cannon  
  200  12:53  Shield Battery  
  200  13:05  Stargate  
  200  13:06  Stargate  
  198  13:14  Zealot  
  196  13:21  Zealot  
  195  13:27  Protoss Ground Weapons Level 3 (Chrono Boost)  
  195  13:29  Zealot x2  
  189  13:42  Void Ray x2 (Chrono Boost)  
  189  13:45  Stalker x5  
  189  13:46  Carrier (Chrono Boost)  
  193  13:52  High Templar  
  195  14:06  High Templar x2  
  199  14:14  Carrier (Chrono Boost)  
  199  14:16  Carrier (Chrono Boost)  
  193  14:22  Flux Vanes  
  199  14:35  Protoss Air Weapons Level 3  
  199  14:36  Nexus  
  199  14:40  Pylon  
  199  14:42  Pylon, Photon Cannon  
  199  14:43  Nexus  
  199  14:44  Shield Battery  
  199  14:45  Unknown, Pylon x2  
  195  15:17  Archon  
  190  15:27  Zealot x8  
  194  15:42  Carrier x2 (Chrono Boost)  
  173  15:47  Carrier x2 (Chrono Boost)  
  173  15:49  Stalker x4, Zealot  
  171  15:50  Zealot x5  
  171  15:52  Probe  
  171  15:53  Carrier (Chrono Boost)  
  177  15:58  Probe  
  172  16:19  High Templar x7  
  172  16:22  Protoss Ground Armor Level 1 (Chrono Boost)  
  186  16:29  Photon Cannon  
  186  16:30  Shield Battery  
  186  16:38  Nexus  
  186  16:44  Carrier (Chrono Boost)  
  192  16:51  High Templar  
  192  16:52  Zealot x2, High Templar  
  196  17:05  Archon x2  
  196  17:07  Carrier (Chrono Boost), Archon  
  176  17:15  Zealot x9  
  181  17:16  Carrier (Chrono Boost)  
  181  17:21  Zealot  
  165  17:23  Probe  
  165  17:28  Zealot x2  
  150  17:39  Zealot x2, High Templar x5  
  150  17:40  Zealot x2  
  168  17:45  Unknown  
  168  17:50  Probe  
  168  17:51  Probe x4  
  171  17:52  Observer  
  171  17:55  Zealot x3  
  171  17:58  Void Ray (Chrono Boost)  
  179  18:03  Probe  
  179  18:04  Probe  
  190  18:21  Stalker  
  190  18:22  Stalker x4  
  189  18:51  Archon  

Tags
 
Add a new tag
Caveats
  • Supply blocks, unpowered buildings, or Contaminate may cause inaccurate times.
  • Supply counts are checked every 10 seconds.